 Dungeon Crawl Stone Soup version 0.28-a0-1567-g1695149f81 (webtiles) character file.

Game seed: 8043292696741299202

15038 Shayle the Protected (level 12, -17/93 HPs)
             Began as a Djinni Warper on Jan 19, 2022.
             Was a Believer of Ashenzari.
             Demolished by a stone giant (21 damage)
             ... in a volcano.
             The game lasted 00:45:49 (14435 turns).

Shayle the Protected (Djinni Warper)               Turns: 14435, Time: 00:45:50

Health: -17/93     AC: 15    Str:  7    XL:     12   Next: 52%
Gold:   650        EV: 15    Int: 26    God:    Ashenzari [**....] SH:  0 Dex: 16

rFire   + + .      SeeInvis +   t - +8 dagger "Killer Klown's Foe" {freeze, rElec Str-3 Int+7}
rCold   . . .      Faith    .   (no shield)
rNeg    . . .      Spirit   .   l - +5 ring mail of Rutsou {rC+ Dex+2 Stlth+}
rPois   ∞          Reflect  .   (no helmet)
rElec   +          Harm     .   E - +1 cloak
rCorr   .          Rampage  .   (no gloves)
Will    +....                   (boots unavailable)
Stlth   +++++.....              z - amulet of Toth-Mos's Legacy {Regen+, Self, Evo} (curse)
HPRegen 1.05/turn               k - ring of the Cursed Chagrin {EV+4, Cun, Melee} (curse)
MPRegen 0.00/turn               d - ring "Liberalism of Ashenzari" {SInv, Self, Range} (curse)

@: mighty, flying
A: sickness immunity, fire resistance 2, cold vulnerability 1, float, innate
caster, hp casting, extra vitality 1
a: Renounce Religion, Curse Item, Shatter the Chains


You were in a volcano.
You worshipped Ashenzari.
Ashenzari was pleased with you.
You visited 3 branches of the dungeon, and saw 13 of its levels.
You also visited: Sewer and Volcano.

You collected 650 gold pieces.

Inventory:

Hand Weapons
 c - a +3 vorpal long sword
 e - a +2 dagger of venom
 t - the +8 dagger "Killer Klown's Foe" (weapon) {freeze, rElec Str-3 Int+7}
   (You found it on level 4 of the Dungeon)

   It freezes those it strikes, dealing additional cold damage.
   It can also slow down cold-blooded creatures.
   Str:       It affects your strength (-3).
   Int:       It affects your intelligence (+7).
   rElec:     It insulates you from electricity.
 v - the +6 spear "Vohoifygaa" {vorpal, *Corrode rElec Str+8 Int-2}
   (You found it on level 7 of the Dungeon)

   It inflicts extra damage upon your enemies.
   Str:       It affects your strength (+8).
   Int:       It affects your intelligence (-2).
   rElec:     It insulates you from electricity.
   *Corrode:  It may corrode you when you take damage.
 C - a +1 vorpal halberd
 G - the +3 trident of Atre {freeze, Stlth+}
   (You found it on level 9 of the Dungeon)

   It freezes those it strikes, dealing additional cold damage.
   It can also slow down cold-blooded creatures.
   Stlth:     It makes you more stealthy.
Missiles
 b - 8 silver boomerangs (quivered)
 o - 18 boomerangs
Armour
 a - a +1 leather armour
 l - the +5 ring mail of Rutsou (worn) {rC+ Dex+2 Stlth+}
   (You found it on level 2 of the Dungeon)

   Dex:       It affects your dexterity (+2).
   rC:        It protects you from cold.
   Stlth:     It makes you more stealthy.
 E - a +1 cloak (worn)
Jewellery
 d - the cursed ring "Liberalism of Ashenzari" (right hand) {SInv, Self, Range}
   (You found it on level 7 of the Dungeon)

   [ring of see invisible]

   SInv:      It lets you see invisible.
   It has a curse which improves the following skills: Introspection: Fighting
   and Spellcasting.
   Ranged Combat: Slings, Bows, Crossbows and Throwing.
 f - a ring of positive energy
 k - the cursed ring of the Cursed Chagrin (left hand) {EV+4, Cun, Melee}
   (You found it on level 1 of the Dungeon)

   [ring of evasion]

   EV:        It affects your evasion (+4).
   It has a curse which improves the following skills: Cunning: Dodging and
   Stealth.
   Melee Combat: Short Blades, Long Blades, Axes, Maces & Flails, Polearms,
   Staves and Unarmed Combat.
 s - a ring of wizardry
 z - the cursed amulet of Toth-Mos's Legacy (around neck) {Regen+, Self, Evo}
   (You found it on level 5 of the Dungeon)

   [amulet of regeneration]

   Regen:     It increases your rate of health regeneration.
   It has a curse which improves the following skills: Introspection: Fighting
   and Spellcasting.
   Evocations: Evocations.
 F - a +6 ring of dexterity
 L - a ring of ice
 M - a +6 ring of strength
Wands
 n - a wand of flame (17)
 D - a wand of iceblast (7)
Scrolls
 g - a scroll of summoning
 i - 5 scrolls of teleportation
 j - a scroll of magic mapping
 r - 2 scrolls of torment
 u - 2 scrolls of immolation
 B - a scroll of enchant weapon
 H - 2 scrolls of fear
 K - a scroll of blinking
Potions
 h - a potion of flight
 p - a potion of brilliance
 q - a potion of invisibility
 w - 2 potions of mutation
 x - a potion of curing
 I - a potion of might
 O - a potion of haste
 P - a potion of ambrosia
Miscellaneous
 y - a condenser vane


   Skills:
 + Level 8.8(10.7) Fighting
 + Level 5.3(6.5) Throwing
 + Level 11.3 Armour
 - Level 2.4(3.4) Dodging
 - Level 8.6(9.9) Stealth
 - Level 2.0(3.0) Unarmed Combat
 + Level 6.2(8.1) Spellcasting


You couldn't memorise any spells.
You knew the following spells:

 Your Spells              Type           Power      Damage    Failure   Level
a - Blink                 Tloc           100%       N/A       1%          2
b - Lesser Beckoning      Tloc           52%        N/A       1%          3
c - Gell's Gravitas       Tloc           52%        N/A       1%          3
d - Teleport Other        Tloc           52%        N/A       1%          3
e - Manifold Assault      Tloc           52%        N/A       14%         5
f - Apportation           Tloc           100%       N/A       1%          1
g - Scorch                Fire           100%       2d10      1%          2
h - Call Imp              Summ           52%        N/A       1%          2
i - Spider Form           Tmut/Pois      52%        N/A       1%          3
j - Anguish               Hex/Necr       26%        N/A       4%          4
Your spell library was empty.

Dungeon Overview and Level Annotations

Branches:
Dungeon (11/15)            Temple (1/1) D:7            Lair (1/6) D:11
    Orc (0/2) D:9           Sewer (visited)         Volcano (1/1)

Altars:
Ashenzari
Gozag
Hepliaklqana
Kikubaaqudgha
Qazlal
Sif Muna
Trog
Vehumet
Wu Jian
Yredelemnul
The Shining One

Shops:
D:6 (   D:8 =

Annotations:
D:9 1 runed translucent door, Clumpoid's ghost, journeyman DDFi


Innate Abilities, Weirdness & Mutations

You are immune to sickness and miasma.
You are immune to poison.
Your flesh is very heat resistant. (rF++)
You are vulnerable to cold. (rC-)
You float through the air rather than walking.
You learn spells naturally, not from books.
Your magical power is your life essence.
You have superior vitality. (+4 MHP)


Message History

The earth elemental is severely damaged.
The earth elemental misses you.
You hit the earth elemental.
The earth elemental is severely damaged.
You barely miss the earth elemental.
The earth elemental is severely damaged.
The earth elemental hits you but does no damage.
You puncture the earth elemental!
The earth elemental is almost destroyed.
You hit the earth elemental but do no damage.
You punch the earth elemental.
The earth elemental is almost destroyed.
The earth elemental barely misses you.
You puncture the earth elemental!
You destroy the earth elemental!
You see here a potion of magic.
The air gets thick with the scent of sulphur.
You see here a +3 plate armour of fire resistance.
The stone giant shouts!
The stone giant closely misses you.
You see here a +0 club.
You puncture the stone giant! You freeze the stone giant.
The stone giant is lightly wounded.
The stone giant hits you!!
You puncture the stone giant! You freeze the stone giant!
You punch the stone giant, but do no damage.
The stone giant is moderately wounded.
In the distance, the volcano erupts with a roar.
The stone giant hits you!!!
* * * LOW HITPOINT WARNING * * *
You puncture the stone giant! You freeze the stone giant.
The stone giant is heavily wounded.
The stone giant closely misses you.
Okay, then.
Okay, then.
As you read the scroll of fear, it crumbles to dust.
You assume a fearsome visage.
The stone giant resists with some effort.
The stone giant hits you!!
You die...

### #☼## ###☼☼#
##≈≈≈≈## ##≈≈.≈≈≈##
#≈§.[.≈..# #
#§)$.!### # *##![@..#
## #.#∩#C## ≈#
##.##### *
############...### **
* ,
##...............#**
......≈≈.≈.≈........#
....≈≈§≈≈≈≈≈≈.....###
≈ ,
....≈≈§§≈≈≈≈≈≈≈.....*
....§≈§§≈≈≈≈≈≈.....##
*


You could see a stone giant.

Vanquished Creatures
  3 two-headed ogres
  2 oklob plants (D:11)
  A manticore (D:11)
  An unseen horror (D:11)
  A gargoyle (Volcano)
  A rime drake (Lair:1)
  A troll (D:11)
  A hornet (D:9)
  Sigmund (D:4)
  A wraith (D:11)
  A wyvern (Lair:1)
  19 yaks
  Grum (D:11)
  A basilisk (D:7)
  A steam dragon (D:5)
  2 acid dragons
  A water moccasin (D:7)
  A hornet zombie (D:6)
  An orc warrior (D:9)
  3 sky beasts
  3 ogres
  2 necrophages (D:6)
  A black bear (D:6)
  3 wolves
  A phantom (D:6)
  2 centaurs
  4 bullfrogs
  3 scorpions
  An earth elemental (Volcano)
  3 gnoll sergeants
  3 water moccasin skeletons
  16 killer bees
  5 wights (D:10)
  6 howler monkeys
  3 bullfrog zombies
  2 centaur zombies (D:9)
  A gnoll shaman (D:6)
  2 jellies
  2 centaur skeletons
  6 orc priests
  3 hounds
  A bullfrog skeleton (D:6)
  3 iguanas
  9 orc wizards
  Ijyb (D:5)
  A hound zombie (D:5)
  2 hound skeletons
  22 gnolls
  10 adders
  2 white imps
  A worm (D:6)
  5 dart slugs
  42 orcs
  21 ball pythons
  15 endoplasms
  13 giant cockroaches
  9 goblins
  12 hobgoblins
  3 jackals (D:2)
  6 quokkas
  8 bats
  12 frilled lizards
  6 kobolds
  8 rats
328 creatures vanquished.

Vanquished Creatures (others)
  Nergalle (Lair:1)
  9 yaks
  An acid dragon (D:11)
  2 orc warriors
  A wolf (D:10)
  A wight (D:10)
  An orc priest (D:11)
  18 plants
34 creatures vanquished.

Grand Total: 362 creatures vanquished

Notes
Turn   | Place    | Note
-------+----------+-------------------------------------------
     0 | D:1      | Shayle the Djinni Warper began the quest for the Orb.
     0 | D:1      | Reached XP level 1. HP: 18/18 MP: 0/0
   288 | D:1      | Reached skill level 1 in Stealth
   427 | D:1      | Reached XP level 2. HP: 23/23 MP: 0/0
   979 | D:2      | Reached XP level 3. HP: 16/28 MP: 0/0
   979 | D:2      | Learned a level 1 spell: Apportation
  1605 | D:2      | Reached XP level 4. HP: 20/33 MP: 0/0
  2079 | D:1      | Found a faded altar of an unknown god.
  2582 | D:2      | Identified the +5 ring mail of Rutsou {rC+ Dex+2 Stlth+}
  2723 | D:3      | Reached XP level 5. HP: 38/38 MP: 0/0
  2723 | D:3      | Learned a level 2 spell: Scorch
  3305 | D:3      | Reached skill level 2 in Armour
  3391 | D:4      | Noticed Sigmund
  3410 | D:4      | Killed Sigmund
  3411 | D:4      | Reached skill level 3 in Armour
  3411 | D:4      | Reached XP level 6. HP: 25/43 MP: 0/0
  3595 | D:4      | Found an ornate altar of the Wu Jian Council.
  4158 | D:4      | Identified the +8 dagger "Killer Klown's Foe" {freeze,
                  | rElec Str-3 Int+7}
  4514 | D:4      | Reached XP level 7. HP: 44/49 MP: 0/0
  4514 | D:4      | Learned a level 2 spell: Call Imp
  4700 | D:4      | Reached skill level 4 in Armour
  4700 | D:4      | Reached skill level 5 in Stealth
  5121 | D:5      | Entered Level 5 of the Dungeon
  5771 | D:5      | Reached skill level 5 in Armour
  5771 | D:5      | Reached XP level 8. HP: 53/54 MP: 0/0
  5922 | D:5      | You are sucked into a shaft and drop 2 floors!
  5976 | D:7      | Reached skill level 6 in Armour
  6209 | D:7      | Found a staircase to the Ecumenical Temple.
  6227 | Temple   | Entered the Ecumenical Temple
  6287 | Temple   | Became a worshipper of Ashenzari the Shackled
  6319 | D:7      | Noticed a basilisk
  6323 | D:7      | Killed a basilisk
  6337 | D:7      | Reached XP level 9. HP: 48/58 MP: 0/0
  6337 | D:7      | Learned a level 3 spell: Spider Form
  6378 | D:7      | Reached skill level 7 in Armour
  6640 | D:7      | Identified the +6 spear "Vohoifygaa" {vorpal, *Corrode
                  | rElec Str+8 Int-2}
  6901 | D:6      | Found a glowing drain.
  6907 | Sewer    | Entered a sewer
  7797 | D:5      | Reached skill level 8 in Armour
  7799 | D:5      | Noticed Ijyb
  7805 | D:5      | Killed Ijyb
  8286 | D:6      | Reached XP level 10. HP: 67/67 MP: 0/0
  8479 | D:6      | Found Neiworch's Weapon Shop.
  9137 | D:7      | Reached skill level 5 in Fighting
  9561 | D:8      | Reached skill level 9 in Armour
 10001 | D:8      | Reached * piety under Ashenzari
 10061 | D:8      | Found Cempaseb's Jewellery Shoppe.
 10560 | D:9      | Noticed a two-headed ogre
 10604 | D:9      | Noticed a two-headed ogre
 10607 | D:9      | Identified the +3 trident of Atre {freeze, Stlth+}
 10790 | D:9      | Killed a two-headed ogre
 10791 | D:9      | Reached skill level 1 in Throwing
 10873 | D:9      | Reached ** piety under Ashenzari
 10892 | D:9      | Killed a two-headed ogre
 10893 | D:9      | Reached XP level 11. HP: 82/82 MP: 0/0
 10893 | D:9      | Learned a level 4 spell: Anguish
 10945 | D:9      | Found a runed translucent door.
 10947 | D:9      | Noticed Clumpoid's ghost (journeyman DDFi)
 10951 | D:9      | Noticed a boulder beetle
 11160 | D:9      | Reached skill level 10 in Armour
 11239 | D:10     | Entered Level 10 of the Dungeon
 11720 | D:9      | Reached skill level 5 in Spellcasting
 11858 | D:9      | Found a staircase to the Orcish Mines.
 12778 | D:11     | Noticed an oklob plant
 12804 | D:11     | Noticed an oklob plant
 12938 | D:11     | Noticed Grum
 12938 | D:11     | Noticed a manticore
 13052 | D:10     | Reached XP level 12. HP: 89/91 MP: 0/0
 13183 | D:11     | Found a staircase to the Lair.
 13336 | D:11     | Found a stormy altar of Qazlal.
 13371 | D:11     | Noticed a two-headed ogre
 13377 | D:11     | Killed a two-headed ogre
 13555 | D:11     | Reached skill level 11 in Armour
 13682 | D:11     | Killed Grum
 14012 | D:11     | Reached skill level 5 in Throwing
 14074 | Lair:1   | Entered Level 1 of the Lair of Beasts
 14140 | Lair:1   | Noticed Nergalle
 14151 | Lair:1   | Killed Nergalle
 14224 | Lair:1   | Noticed a five-headed hydra
 14261 | Lair:1   | Found a dark tunnel.
 14273 | Volcano  | Entered a volcano
 14397 | Volcano  | Noticed a stone giant
 14433 | Volcano  | HP: 2/93 [stone giant (37)]
 14435 | Volcano  | Demolished by a stone giant

Illustrated notes

Levels and vault maps discovered:
D:1:      lemuel_arrival_muddy, layout_rooms, chequers_ecumenical_altar_grove,
          amcnicky_mini_rare_corridor_liquid, fountainhead, chequers_arboretum,
          palyth_stone_intersect, nicolae_grassy_gnolls
D:2:      layout_loops_cross, minmay_cut_off
D:3:      layout_loops_ring, chequers_garden, corexii_item_surrounded_by_moat
D:4:      layout_layer_cave, mainiacjoe_overflow_chevrons, uniq_sigmund
D:5:      layout_rooms, nicolae_figureground_sparkle, uniq_ijyb
D:6:      layout_basic, cheibrodos_sewer_entry_bend, serial_shops,
          kennysheep_mini_moat
D:7:      layout_loops_ring, minmay_temple_entry_overgrown,
          kennysheep_generic_room_9
D:8:      layout_layer_cave, nicolae_take_the_stairs
D:9:      layout_long_grid, hiddenorc1_lemuel, ebering_ghost_inner_flame
D:10:     layout_loops_ring
D:11:     layout_loops_ring, dpeg_oklobed_lair, grunt_decor_cap,
          grunt_qazlal_clouds, uniq_grum
Temple:   grunt_wide_crystal_templ
Lair:1:   layout_misc_corridors, nicolae_volcano_entry_lava_flow, uniq_nergalle,
          uniq_urug
Volcano:  volcano_pools

Skill      XL: |  1  2  3  4  5  6  7  8  9 10 11 12 |
---------------+-------------------------------------+-----
Stealth        | 1 2 3 4 5 7 8 |  8.6
Armour         | 3 5 6 8 9 10 11 | 11.3
Fighting       | 4 6 8 |  8.8
Spellcasting   | 4 5 6 |  6.2
Throwing       | 2 4 5 |  5.3
Dodging        | |  2.4
Unarmed Combat | |  2.0

Action                   |  1- 3 |  4- 6 |  7- 9 | 10-12 || total
-------------------------+-------+-------+-------+-------++-------
Melee: Unarmed           |   101 |       |       |       ||   101
       Punch             |     8 |     2 |     6 |    26 ||    42
       Long sword        |    38 |       |       |       ||    38
       Dagger            |       |   147 |   382 |   685 ||  1214
Throw: Boomerang         |     5 |       |       |     1 ||     6
 Cast: Call Imp          |       |       |     1 |     5 ||     6
       Gell's Gravitas   |       |       |       |     4 ||     4
       Anguish           |       |       |       |    18 ||    18
       Scorch            |       |       |       |    14 ||    14
Invok: Curse Item        |       |       |     1 |     2 ||     3
Evoke: Wand              |       |       |     6 |    28 ||    34
       Condenser vane    |       |       |       |     1 ||     1
  Use: Scroll            |     5 |       |     6 |    12 ||    23
       Potion            |       |       |       |     3 ||     3
 Stab: Sleeping          |     3 |    12 |    18 |     8 ||    41
       Distracted        |       |       |     2 |     4 ||     6
       Paralysed         |       |       |       |     3 ||     3
       Confused          |       |       |       |     1 ||     1
Armor: Leather armour    |    52 |     4 |       |       ||    56
       Ring mail         |       |    44 |   185 |   289 ||   518
Dodge: Dodged            |   121 |    86 |   326 |   568 ||  1101

Table legend: (Time is in decaauts)
 A = Elapsed time spent in this place.
 B = Non-inter-level travel time spent in this place.
 C = Inter-level travel time spent in this place.
 D = Time resting spent in this place.
 E = Time spent auto-exploring this place.
 F = Levels seen in this place.
 G = Mean time per level.
                   A        B        C        D        E       F      G
               +--------+--------+--------+--------+--------+-----+--------+
         Total |  14462 |  14159 |    303 |   2854 |   6616 |  15 |  964.1 |
       Dungeon |  13468 |  13165 |    303 |   2537 |   6436 |  11 | 1224.4 |
        Temple |     70 |     70 |      0 |      0 |     48 |   1 |   70.0 |
          Lair |    198 |    198 |      0 |     65 |     63 |   1 |  198.0 |
         Sewer |    562 |    562 |      0 |    186 |     69 |   1 |  562.0 |
       Volcano |    161 |    161 |      0 |     66 |      0 |   1 |  161.0 |
               +--------+--------+--------+--------+--------+-----+--------+

Top non-repeatable levels by time:
     D:4: 1926 daAuts
     D:2: 1450 daAuts
    D:11: 1270 daAuts
     D:7: 1265 daAuts
     D:1: 1200 daAuts
    D:10: 1170 daAuts
     D:6: 1162 daAuts
     D:9: 1140 daAuts
     D:3: 1084 daAuts
     D:8: 976 daAuts
     D:5: 821 daAuts
   Sewer: 562 daAuts
  Lair:1: 198 daAuts
 Volcano: 161 daAuts
  Temple: 70 daAuts
